← All builds
Suicide front / Legion / Quick factory / OBSERVED BUILD

Standard suicide front

Legion Suicide front build order · Supreme Isthmus

Quick Bot Lab into Vehicle Plant to project force at middle early with Ballista, Satyr, Decurion and Lance, transitioning into Barrage artillery and an Advanced Metal Extractor as the game develops.

#rush #raid · 55 distinct matches · 26 players · 78% of Legion Suicide front games · team won 59% of 58 · Recently observed

HOW TO PLAY IT

Key timing: Legion Vehicle Plant by 1:01

  1. Take first mex while the bot lab goes down immediately.
  2. Finish the bot lab fast to start producing early bots.
  3. Queue the vehicle plant right after for Ballista and Satyr.
  4. Push Ballista and Barrage to contest middle early.
  5. Transition into an advanced mex once T2 constructor is up.

Phase by phase

TYPICAL OF ITS 55 GAMES
  1. 1
  2. 2
  3. 3
PLAY THE OPENING

Follow the example game's first 6:00 step by step: what to build now, what comes next, and where it goes. At 1× it keeps pace with your own game.

  1. 1

    Up to the Legion Bot Lab

    Economy
    • Metal Extractor2Mex
    Order
    1. Legion Bot LabLegion Bot Lab after 2 mexdone ~0:34, middle half 0:27–0:44

    By 0:18 in all: 2 mex

    The example game in this phase · 60 steps
    1. Legion Vehicle PlantLegion Vehicle Plantdone 0:22 · typical 0:40
    2. Mex
    3. Wind
    4. WheelieWheelie
    5. Wind
    6. Legion Construction VehicleLegion Construction Vehicle
    7. Mex
    8. PharosPharos
    9. Legion Construction VehicleLegion Construction Vehicle
    10. Mex
    11. DecurionDecurion
    12. PharosPharos
    13. Radar TowerRadar Tower
    14. Mex
    15. BarrageBarrage
    16. PharosPharos
    17. Wind
    18. Mex
    19. Dragon's TeethDragon's Teeth
    20. BarrageBarrage
    21. Dragon's TeethDragon's Teeth ×2
    22. Wind
    23. Dragon's TeethDragon's Teeth ×4
    24. BarrageBarrage
    25. PharosPharos
    26. Wind
    27. LanceLance
    28. Wind
    29. LanceLance
    30. Wind
    31. LanceLance
    32. PharosPharos ×2
    33. Wind
    34. LanceLance
    35. Wind
    36. LanceLance
    37. DecurionDecurion
    38. PharosPharos
    39. Wind
    40. LanceLance
    41. Wind
    42. PharosPharos
    43. Wind
    44. Con turret
    45. LanceLance
    46. Energy storage
    47. LanceLance
    48. Legion Construction VehicleLegion Construction Vehicle
    49. HiveHive
    50. LanceLance
    51. Con turret
    52. Legion DroneLegion Drone ×2
    53. AmputatorAmputator
    54. Legion DroneLegion Drone ×2
    55. LanceLance
    56. Legion DroneLegion Drone ×3
    57. CacophonyCacophony
    58. LanceLance
    59. Con turret
    60. Legion Bot LabLegion Bot Labdone 8:42 · typical 0:34
  2. 2

    Legion Bot Lab to 5:00

    Economy
    • Metal Extractor4Mex
    • Wind Turbine6Wind
    Army
    • Pharos4 Pharos
    Other
    • Radar Tower1 Radar Tower

    Some games also: Legion Construction Bot (47%) · Zagreus (47%) · con turret (43%) · Legion Construction Vehicle (40%) · Barrage (40%)

    By 5:00 in all: 5 mex · 7 wind · 1 con turret

  3. 3

    5:00 to 10:00

    Economy
    • Metal Extractor1Mex
    • Wind Turbine11Wind
    Builders
    • Construction Turret1 Con turret

    Some games also: Radar Tower (48%) · Pharos (43%) · energy storage (41%) · Lance (34%) · Zagreus (34%)

    By 10:00 in all: 6 mex · 19 wind · 1 energy storage · 3 con turret

    The example game in this phase · 69 steps
    1. Legion Construction VehicleLegion Construction Vehicle
    2. Legion DroneLegion Drone
    3. ZagreusZagreus
    4. Advanced Metal ExtractorT2 mexdone 9:41
    5. Legion DroneLegion Drone
    6. ZagreusZagreus
    7. Legion DroneLegion Drone
    8. Wind
    9. Legion Construction VehicleLegion Construction Vehicle
    10. Wind ×2
    11. ZagreusZagreus
    12. Mex
    13. Advanced Metal ExtractorT2 mex
    14. ZagreusZagreus
    15. Con turret
    16. ZagreusZagreus
    17. Advanced Metal ExtractorT2 mex
    18. PharosPharos
    19. Con turret
    20. PharosPharos
    21. Legion Construction BotLegion Construction Bot
    22. Con turret
    23. Advanced Metal ExtractorT2 mex
    24. PharosPharos
    25. Con turret
    26. Advanced solar
    27. Legion Construction BotLegion Construction Bot
    28. Metal storage
    29. Advanced solar ×2
    30. Advanced Metal ExtractorT2 mex
    31. Advanced solar
    32. Con turret
    33. ZagreusZagreus
    34. Advanced solar
    35. ZagreusZagreus
    36. Advanced Metal ExtractorT2 mex
    37. ZagreusZagreus
    38. Advanced solar
    39. ZagreusZagreus ×2
    40. Con turret
    41. Converter
    42. ChimeraChimera
    43. Converter
    44. ZagreusZagreus
    45. Converter ×3
    46. ZagreusZagreus
    47. Converter
    48. ChimeraChimera
    49. Con turret
    50. Converter
    51. ZagreusZagreus
    52. Converter
    53. ZagreusZagreus
    54. Con turret
    55. BastionBastionnot finished by 15:00
    56. Converter
    57. ZagreusZagreus ×3
    58. WheelieWheelie
    59. ZagreusZagreus ×2
    60. Con turret
    61. WheelieWheelie
    62. ZagreusZagreus
    63. WheelieWheelie
    64. Con turret
    65. WheelieWheelie
    66. CacophonyCacophony
    67. WheelieWheelie
    68. Con turret
    69. WheelieWheelie

Counts are medians over the build's games: half of them build more, half fewer. The example game is XuunnY's (33 OS, 03/10/2026); pick another.

Team trades

IN AT LEAST 30% OF ITS GAMES

You hand over

Nothing regular.

You get

  • Tidal Generator4 Tidal from Pondfirst at 0:11 · in 52% of games
  • Advanced Construction Bot1 T2 con bot from Geo or Techfirst at 7:31 · in 48% of games

How it plays out

Typical game of this build, running totals by minute

Metal produced

010k20k
0:005:0010:0015:00

metal

Enemy metal destroyed

05k10k
0:005:0010:0015:00

metal

Own metal lost

05k10k
0:005:0010:0015:00

metal

58 games.

Show as table
ByMetal produced: This buildEnemy metal destroyed: This buildOwn metal lost: This build
1:0029100
2:0087900
3:00181617250
4:002790448305
5:0038781092670
6:00489218251130
7:00589328741953
8:00727243202701
9:00847447363265
10:00972553614448
11:001112356284806
12:001315858645595
13:001386663557159
14:001569070087595
15:001756675898181
WHAT THE NUMBERS SAY

This aggressive opening wins more often than the role's other lines, with enemy metal destroyed well above own losses by 15:00.

  • + Enemy metal destroyed (9422) nearly doubles own metal lost (8541) by 15:00.
  • + Team wins 58% of games, strongest result among these roles.
  • − Own metal lost climbs fast early, 770 by 5:00 from committing hard.
THE EXAMPLE YOU ARE READING

XuunnY

32.6 OS · 03/10/2026

Open source match ↗

7 received units · includes a constructor
41 metal received · 43750 energy received

Allied construction assistance is unknown. Timings are observations, not a promise of solo reproducibility.

Typical milestones

Legion Bot Lab0:34Middle 50%: 0:27–0:44 · n=34
Legion Vehicle Plant0:40Middle 50%: 0:30–1:01 · n=36

Played most by

XuunnY11games of this build_X_6games of this build[crd]sisa4games of this buildChancho4games of this buildxabre3games of this build